 Dungeon Crawl Stone Soup version 0.31.0-11-ge490571c62 (webtiles) character file.

Game seed: 4708599549103243912

174 Bobbunny the Ruffian (level 5, 0/42 HPs)
             Began as a Demigod Shapeshifter on Jan 30, 2024.
             Killed from afar by Ijyb (13 damage)
             ... with a puff of flame
             ... on level 3 of the Dungeon.
             The game lasted 00:02:30 (2502 turns).

Bobbunny the Ruffian (Demigod Shapeshifter)         Turns: 2502, Time: 00:02:30

Health: 0/42       AC:  2    Str: 19    XL:     5   Next: 7%
Magic:  7/7        EV: 12    Int: 12    God:
Gold:   190        SH:  0    Dex: 13    Spells: 4/4 levels left

rFire   . .          .
                       - Unarmed
rCold   . . .        (no shield)
rNeg    . . .        a - +0 animal skin
rPois   .            (helmet currently unavailable)
rElec   .            (cloak currently unavailable)
rCorr   .            (gloves currently unavailable)
SInv    .            (boots currently unavailable)
Will    .....        (no amulet)
Stlth   +            (no ring)
HPRegen 0.27/turn    (no ring)
MPRegen 0.10/turn

%: no passive effects
@: beast-form
A: beast (slay +2), high MP 1, forlorn, divine attributes
a: Begin Untransformation


You were on level 3 of the Dungeon.
You were a hulking beast.
You visited 1 branch of the dungeon, and saw 3 of its levels.

You collected 190 gold pieces.

Inventory:

Missiles
 f - 6 poisoned darts
 l - 12 boomerangs (quivered)
Armour
 a - a +0 animal skin (worn)
 i - a +0 kite shield
 n - a +0 pair of boots
Talismans
 c - a beast talisman
 d - a flux talisman
Scrolls
 e - 5 scrolls of identify {unknown}
 k - a scroll of blinking {unknown}
 o - a scroll of teleportation {unknown}
 p - a scroll of poison {unknown}
 r - a scroll of noise {unknown}
 s - a scroll of butterflies {unknown}
 u - a scroll of silence {unknown}
Potions
 b - 2 potions of lignification
 g - a potion of haste {unknown}
 h - a potion of cancellation {unknown}
 j - a potion of heal wounds {unknown}
 m - 2 potions of curing {unknown}
 q - 2 potions of brilliance {unknown}
 t - a potion of mutation {unknown}
 v - a potion of might {unknown}


   Skills:
 + Level 2.7 Fighting
 - Level 1.8 Dodging
 + Level 3.8 Unarmed Combat
 + Level 3.6 Shapeshifting


You had 4 spell levels left.
You didn't know any spells.
Your spell library was empty.

Dungeon Overview and Level Annotations

Branches:
Dungeon (3/15)

Annotations:
D:3 Ijyb


Innate Abilities, Weirdness & Mutations

You are a hulking beast.
Your limbs bulge with bestial killing power. (Slay +2)
You have an increased reservoir of magic. (+10% MP)
You shall have no god before yourself.
Your divine heritage dramatically boosts your attributes as you level up.


Message History

Ijyb zaps a wand.
The puff of flame hits you!
You punch Ijyb!
Ijyb is moderately wounded.
Ijyb barely misses you.
You hit Ijyb but do no damage.
Ijyb is moderately wounded.
Ijyb closely misses you.
You barely miss Ijyb.
Ijyb is moderately wounded.
Ijyb hits you with a +0 dagger.
You barely miss Ijyb.
Ijyb is moderately wounded.
Ijyb closely misses you.
You hit Ijyb but do no damage.
Ijyb is moderately wounded.
Ijyb hits you with a +0 dagger.
You hit Ijyb but do no damage.
Ijyb is moderately wounded.
Ijyb zaps a wand.
The puff of flame misses you.
You hit Ijyb but do no damage.
Ijyb is moderately wounded.
Ijyb zaps a wand.
The puff of flame hits you.
You hit Ijyb but do no damage.
Ijyb is moderately wounded.
Ijyb closely misses you.
You hit Ijyb but do no damage.
Ijyb is moderately wounded.
Ijyb hits you with a +0 dagger.
You hit Ijyb. You punch Ijyb, but do no damage.
Ijyb is heavily wounded.
Ijyb hits you with a +0 dagger.
You hit Ijyb.
Ijyb is heavily wounded.
Ijyb screams, "It's all mine!"
Ijyb hits you with a +0 dagger.
* * * LOW HITPOINT WARNING * * *
You hit Ijyb but do no damage.
Ijyb is heavily wounded.
Ijyb zaps a wand.
The puff of flame hits you!
You die...

#.#####.#..###......).
#.....................
######.#.####.....)<.
#.#.# ##..†....
###.#.# ##.....#
#.....# #.....#
#.#.### ####......
#.#.# .........# #h#.#
###..(..# #g#.#
###..## #g#.# #..#
#.#.# #..# ....#
####..# ...
.###.....## ...
........... ##.#.
.....#<.### ######..#


You could see Ijyb and a hobgoblin.

Vanquished Creatures
  A bombardier beetle (D:3)
  Natasha (twice) (D:3)
  Robin (D:3)
  An adder (D:2)
  2 dart slugs
  5 endoplasms
  5 giant cockroaches
  15 goblins
  8 hobgoblins
  2 quokkas
  5 ball pythons
  4 bats
  4 kobolds
  8 rats
63 creatures vanquished.

Notes
Turn   | Place    | Note
-------+----------+-------------------------------------------
     0 | D:1      | Bobbunny the Demigod Shapeshifter began the quest for the
                  | Orb.
     0 | D:1      | Reached XP level 1. HP: 15/15 MP: 3/3
    74 | D:1      | Reached skill level 1 in Fighting
   222 | D:1      | Reached XP level 2. HP: 14/23 MP: 4/4
  1026 | D:2      | Reached XP level 3. HP: 29/29 MP: 5/5
  1435 | D:3      | Noticed Robin
  1631 | D:2      | HP: 1/29 [goblin/+0 dagger[Robin] (5)]
  1886 | D:3      | Killed Robin
  1967 | D:3      | Reached XP level 4. HP: 36/36 MP: 6/6
  1986 | D:3      | Noticed Natasha
  1994 | D:3      | Killed Natasha
  2063 | D:3      | Noticed Natasha
  2187 | D:3      | Killed Natasha
  2188 | D:3      | Reached XP level 5. HP: 25/42 MP: 7/7
  2480 | D:3      | Noticed Ijyb
  2502 | D:3      | Killed from afar by Ijyb

Illustrated notes

Levels and vault maps discovered:
D:1:      kilobyte_arrival_exit_the_forest, layout_basic,
          minmay_misc_feat_secret_circle
D:2:      layout_basic
D:3:      layout_loops_ring, dreamdust_mushroom_princess, uniq_robin,
          uniq_natasha, uniq_ijyb

Skill      XL: |  1  2  3 |
---------------+----------+-----
Fighting       | 1 2 |  2.7
Unarmed Combat | 3 |  3.8
Shapeshifting  | 3 |  3.6
Dodging        | |  1.8

Action                     |  1- 3 |  4- 6 || total
---------------------------+-------+-------++-------
  Melee: Unarmed           |   156 |    51 ||   207
         Punch             |     5 |     2 ||     7
   Stab: Sleeping          |     1 |       ||     1
 Armour: Animal skin       |    85 |    31 ||   116
  Dodge: Dodged            |   112 |    31 ||   143
